 Dungeon Sprint DCSS version 0.28.0-62-gf88900778d (webtiles) character file.

Game seed: 14560720450049018408

15629 cbfl8 the Warrior (level 12, -2/130 HPs)
             Began as a Minotaur Berserker on Jan 14, 2024.
             Was a High Priest of Trog.
             Killed from afar by a fire giant (12 damage)
             ... with a bolt of fire
             ... in the Dungeon (Sprint I: "Red Sonja").
             The game lasted 00:12:41 (4865 turns).

cbfl8 the Warrior (Minotaur Berserker)              Turns: 4865, Time: 00:12:42

Health: -2/130     AC: 13    Str: 23    XL:     12   Next: 2%
Magic:  11/11      EV:  9    Int:  4    God:    Trog [*****.]
Gold:   340        SH:  6    Dex: 16    Spells: 11/11 levels left

rFire   . . .      SeeInvis .   p - +2 broad axe of Execution {vorpal, Dex+2}
rCold   . . .      Faith    .   j - +0 buckler
rNeg    + . .      Spirit   .   b - +3 chain mail {Will+}
rPois   .          Reflect  .   (helmet restricted)
rElec   .          Harm     .   (no cloak)
rCorr   .          Rampage  .   (no gloves)
Will    +++..      Rage     1%  (no boots)
Stlth   .......... NoTele   +   m - amulet of the acrobat
HPRegen 1.31/turn               o - ring of positive energy
MPRegen 0.12/turn               (no ring)

@: strong-willed (expiring), on berserk cooldown, regenerating (expiring),
slowed, very slow
A: horns 2, retaliatory headbutt, berserk 1, deformed body
a: Renounce Religion, Berserk, Trog's Hand, Brothers in Arms


You were in the Dungeon.
You worshipped Trog.
Trog was extremely pleased with you.
You visited 1 branch You collected 1485 gold pieces.
You spent 1145 gold pieces at shops.

Inventory:

Hand Weapons
 p - the +2 broad axe of Execution (weapon) {vorpal, Dex+2}
   (You acquired it in the Dungeon)

   It inflicts extra damage upon your enemies.
   Dex:       It affects your dexterity (+2).
 r - a +3 antimagic war axe
Armour
 b - a +3 chain mail of willpower (worn)
 j - a +0 buckler (worn)
Jewellery
 m - an amulet of the acrobat (around neck)
 o - a ring of positive energy (left hand)
Wands
 c - a wand of iceblast (7)
 i - a wand of paralysis (5) (quivered)
 k - a wand of charming (3)
Scrolls
 l - a scroll of holy word
 q - a scroll of enchant armour {unknown}
 s - a scroll of silence {unknown}
Potions
 a - a potion of might
 e - a potion of haste
 f - 6 potions of curing
 g - a potion of berserk rage
Miscellaneous
 h - a box of beasts


   Skills:
 + Level 19.5 Fighting
 - Level 18.0 Axes
 + Level 17.9 Armour
 - Level 2.1 Dodging
 + Level 7.2 Shields
 * Level 13.5 Evocations


You had 11 spell levels left.
You didn't know any spells.
Your spell library was empty.

Dungeon Overview and Level Annotations

Branches:
Dungeon (1/1)

Altars:
Cheibriados
Dithmenos
Elyvilon
Fedhas
Gozag
Hepliaklqana
Kikubaaqudgha
Makhleb
Nemelex Xobeh
Okawaru
Qazlal
Ru
Sif Muna
Trog
Uskayaw
Vehumet
Wu Jian
Xom
Yredelemnul
Zin
The Shining One
Jiyva
Lugonu

Shops:
D ??*[(:[?[=(:[:[[[*:[!


Innate Abilities, Weirdness & Mutations

You have a pair of horns on your head.
You reflexively headbutt those who attack you in melee.
You tend to lose your temper in combat.
Armour fits poorly on your strangely shaped body.


Message History

Aiming: Iceblast
Press: ? - help, Q - select action, (/) - cycle Shift-Dir - straight line, p - fire giant
Okay, then.
Your troll bites the fire giant!
Your troll claws the fire giant but does no damage. x2
Your troll bites the fire giant.
Your troll claws the fire giant. x2
The fire giant hits your troll with a +2 great sword of flaming!!
The fire giant burns your troll.
Your troll dies!
Your troll's corpse disappears in a puff of smoke!
The fire giant shouts!
Aiming: Iceblast
Press: ? - help, Q - select action, (/) - cycle Shift-Dir - straight line, f/p - fire giant
Aim: a fire giant, wielding a +2 great sword of flaming (severely wounded)
The mass of ice explodes!
The iceblast engulfs the fire giant!!
The fire giant is almost dead.
You feel the effects of Trog's Hand fading.
The fire giant points at you and mumbles some strange words.
The fireball explodes!
The fireball engulfs you!!!
* * * LOW HITPOINT WARNING * * *
Aiming: Iceblast
Press: ? - help, Q - select action, (/) - cycle Shift-Dir - straight line, f/p - fire giant
Aim: a fire giant, wielding a +2 great sword of flaming (almost dead, haloed)
The mass of ice explodes!
The iceblast engulfs the fire giant!!
You kill the fire giant!
Trog accepts your kill.
Trog appreciates your killing of a magic user.
The iceblast engulfs the fire giant!!
The fire giant is severely wounded.
You have reached level 12!
You feel stronger.
Okay, then.
Aiming: Paralyse
Press: ? - help, Q - select action, (/) - cycle Shift-Dir - straight line, f - fire giant
Aim: a fire giant, wielding a +3 great sword of flaming (severely wounded, haloed, chance to affect: 26%)
The fire giant resists with almost no effort.
The fire giant drinks a potion.
The fire giant seems to speed up.
The fire giant casts a spell at you. The bolt of fire hits you!
You die...

#)..##'#§####§.§.§##
#...)..#§#
##.§.#####
#####..§.#
###§#.((##
#..##'#### #§##...#
§..#.○§..# #§.###.#
#§§#.°...+ ##.#A#.#
##§###°○○# #..###.#
##.'.#..○# #.##...#
.###.#..## #@C#'###
.∩##.#.°# ##.C.#
####.##'# ###.#
§§##§##)# #)#
...'§#### #.# ####.#
####C# §§.#§# #...C#
.§#§.# #.CC####
§≈#### ...C.##


You could see 2 fire giants.

Vanquished Creatures
  A fire giant (D)
  A centaur warrior (D)
  Sonja (D)
  A deep troll (D)
  A lindwurm (D)
  An oklob plant (D)
  8 shining eyes (D)
  A gargoyle (D)
  4 demonic crawlers (D)
  7 unseen horrors (D)
  2 kobold demonologists (D)
  A slime creature (D)
  Sigmund (D)
  A yak (D)
  13 hogs (D)
  2 redbacks (D)
  6 floating eyes (D)
  An ogre (D)
  7 necrophages (D)
  7 jellies (D)
  Ijyb (D)
68 creatures vanquished.

Vanquished Creatures (collateral kills)
  A fire giant (D)
  A centaur warrior (D)
  A hornet (D)
3 creatures vanquished.

Vanquished Creatures (others)
  A jelly (D)
  2 ballistomycete spores (D)
3 creatures vanquished.

Grand Total: 74 creatures vanquished

Notes
Turn   | Place    | Note
-------+----------+-------------------------------------------
     0 | D        | cbfl8 the Minotaur Berserker began the quest for the Orb.
     0 | D        | Reached XP level 1. HP: 19/19 MP: 0/0
     2 | D        | Noticed Ijyb
     9 | D        | Paralysed by Ijyb for 2 turns
    12 | D        | Killed Ijyb
    13 | D        | Reached skill level 5 in Fighting
    13 | D        | Reached skill level 5 in Axes
    13 | D        | Reached XP level 2. HP: 29/29 MP: 1/1
   203 | D        | Noticed an ogre
   211 | D        | Killed an ogre
   212 | D        | Reached skill level 7 in Fighting
   212 | D        | Reached XP level 3. HP: 39/39 MP: 2/2
   212 | D        | Reached XP level 4. HP: 47/47 MP: 3/3
   224 | D        | Noticed Sigmund
   231 | D        | Killed Sigmund
   231 | D        | Reached ** piety under Trog
   232 | D        | Reached skill level 8 in Fighting
   232 | D        | Reached skill level 10 in Axes
   232 | D        | Reached skill level 5 in Armour
   232 | D        | Reached skill level 5 in Evocations
   232 | D        | Reached XP level 5. HP: 56/56 MP: 4/4
   246 | D        | Found an ornate altar of the Wu Jian Council.
   246 | D        | Found a shimmering blue altar of Sif Muna.
   248 | D        | Found a radiant altar of Vehumet.
   257 | D        | Reached skill level 9 in Fighting
   257 | D        | Reached XP level 6. HP: 42/63 MP: 5/5
   455 | D        | Found Laravoap's Armour Emporium.
   455 | D        | Found an ancient bone altar of Kikubaaqudgha.
   455 | D        | Found a hazy altar of Hepliaklqana.
   455 | D        | Found a stormy altar of Qazlal.
   455 | D        | Found a hide-covered altar of Uskayaw.
   455 | D        | Found a blossoming altar of Fedhas.
   455 | D        | Found a bloodstained altar of Trog.
   455 | D        | Found an iron altar of Okawaru.
   455 | D        | Found a basalt altar of Yredelemnul.
   455 | D        | Found a glowing golden altar of the Shining One.
   455 | D        | Found a snail-covered altar of Cheibriados.
   455 | D        | Found a sacrificial altar of Ru.
   455 | D        | Found a glowing silver altar of Zin.
   455 | D        | Found a shadowy altar of Dithmenos.
   455 | D        | Found a white marble altar of Elyvilon.
   455 | D        | Noticed a yak
   458 | D        | Killed a yak
   459 | D        | Reached skill level 10 in Fighting
   459 | D        | Found an opulent altar of Gozag.
   460 | D        | Found a sparkling altar of Nemelex Xobeh.
   464 | D        | Bought a +3 chain mail of willpower for 265 gold pieces
   509 | D        | Noticed Sonja
   517 | D        | Killed Sonja
   517 | D        | Reached *** piety under Trog
   518 | D        | Reached skill level 11 in Fighting
   518 | D        | Reached XP level 7. HP: 43/74 MP: 6/6
   822 | D        | Found Qymenoc's Magic Scroll Boutique.
   842 | D        | Noticed a deep troll
   850 | D        | Killed a deep troll
   851 | D        | Reached skill level 12 in Fighting
   851 | D        | Reached XP level 8. HP: 83/83 MP: 7/7
   977 | D        | Noticed a centaur warrior
   980 | D        | Noticed a hornet
   980 | D        | Noticed a centaur warrior
   986 | D        | Killed a hornet
   987 | D        | Reached skill level 15 in Axes
   988 | D        | Killed a centaur warrior
   989 | D        | Reached XP level 9. HP: 70/92 MP: 8/8
  1017 | D        | Killed a centaur warrior
  1017 | D        | Reached **** piety under Trog
  1018 | D        | Reached skill level 13 in Fighting
  1018 | D        | Reached skill level 10 in Armour
  1322 | D        | Noticed an oklob plant
  1334 | D        | Killed an oklob plant
  1795 | D        | Killed an unseen horror
  1796 | D        | Reached skill level 10 in Evocations
  1797 | D        | Killed an unseen horror
  1797 | D        | Reached ***** piety under Trog
  1798 | D        | Reached skill level 14 in Fighting
  1853 | D        | Reached XP level 10. HP: 99/103 MP: 9/9
  1884 | D        | Received a gift from Trog
  1926 | D        | HP: 2/103 [acid (5)]
  2341 | D        | Found Qewk's Magic Scroll Shoppe.
  2341 | D        | Paralysed by a floating eye for 3 turns
  2349 | D        | Reached skill level 1 in Shields
  2354 | D        | Received a gift from Trog
  2355 | D        | Found Suteubo's Armour Boutique.
  2382 | D        | Found Oluek's Antique Armour Shop.
  2384 | D        | Found Niv Zor's Jewellery Emporium.
  2384 | D        | Found Axizeng's Antique Weapon Shop.
  2384 | D        | Found Fifurghe's Book Shoppe.
  2384 | D        | Found Tumo's Armour Boutique.
  2384 | D        | Found Qefre's Book Emporium.
  2384 | D        | Found Xurab's Antique Armour Shop.
  2384 | D        | Found Nisuk's Antique Armour Shoppe.
  2388 | D        | Found Dudwidau's Armour Boutique.
  2389 | D        | Found Tielumumy's Book Emporium.
  2389 | D        | Found Pipeaj's Assorted Antiques.
  2390 | D        | Found Usivid's Distillery.
  2445 | D        | Bought a scroll of acquirement for 676 gold pieces
  2445 | D        | Acquired the +2 broad axe of Execution {vorpal, Dex+2}
  2493 | D        | Bought a potion of might for 48 gold pieces
  2493 | D        | Bought a potion of heal wounds for 60 gold pieces
  2529 | D        | Found Zoajoxteu's Armour Emporium.
  2557 | D        | Found a viscous altar of Jiyva.
  2558 | D        | Found a corrupted altar of Lugonu.
  2559 | D        | Found a burning altar of Makhleb.
  2559 | D        | Found a shimmering altar of Xom.
  2578 | D        | Noticed an orange demon
  2579 | D        | Noticed a soul eater
  2746 | D        | Received a gift from Trog
  2746 | D        | Reached ****** piety under Trog
  2746 | D        | Noticed a gargoyle
  2747 | D        | Reached skill level 15 in Fighting
  2753 | D        | Killed a gargoyle
  3247 | D        | Noticed a lindwurm
  3255 | D        | Killed a lindwurm
  3256 | D        | Reached skill level 16 in Fighting
  3723 | D        | Noticed a shining eye
  3723 | D        | Noticed a shining eye
  3723 | D        | Noticed a shining eye
  3725 | D        | Noticed a shining eye
  3725 | D        | Noticed a shining eye
  3725 | D        | Noticed a shining eye
  3726 | D        | Gained mutation: You are weak. (Str -2) [a shining eye]
  3726 | D        | Paralysed by a floating eye for 2 turns
  3729 | D        | Received a gift from Trog
  3734 | D        | Killed a shining eye
  3735 | D        | Reached XP level 11. HP: 114/114 MP: 10/10
  3735 | D        | Killed a shining eye
  3736 | D        | Reached skill level 15 in Armour
  3736 | D        | Killed a shining eye
  3741 | D        | Killed a shining eye
  3742 | D        | Reached skill level 5 in Shields
  3742 | D        | Killed a shining eye
  3742 | D        | Received a gift from Trog
  3744 | D        | Killed a shining eye
  3745 | D        | Reached skill level 17 in Fighting
  3803 | D        | Noticed a shining eye
  3803 | D        | Noticed a shining eye
  3818 | D        | Gained mutation: You sometimes lose the ability to read
                  | scrolls when taking damage. [a shining eye]
  3819 | D        | Gained mutation: You do not regenerate when monsters are
                  | visible. [a shining eye]
  3827 | D        | Killed a shining eye
  3841 | D        | Gained mutation: You are frail. (-10% HP) [a shining eye]
  3842 | D        | Killed a shining eye
  3855 | D        | Found Wasimpif's Antique Weapon Shop.
  3855 | D        | Found Olulahu's Magic Scroll Shoppe.
  3855 | D        | Found Cynymargh's Book Boutique.
  3855 | D        | Found Jodad's General Store.
  3920 | D        | Bought a potion of mutation for 96 gold pieces
  3920 | D        | Lost mutation: You sometimes lose the ability to read
                  | scrolls when taking damage. [potion of mutation]
  3920 | D        | Lost mutation: You are weak. (Str -2) [potion of mutation]
  3920 | D        | Gained mutation: Armour fits poorly on your strangely
                  | shaped body. [potion of mutation]
  3920 | D        | Gained mutation: You expend magic power (3 MP) to
                  | strengthen your wands. [potion of mutation]
  3921 | D        | Lost mutation: You are frail. (-10% HP) [potion of
                  | mutation]
  3921 | D        | Lost mutation: You expend magic power (3 MP) to strengthen
                  | your wands. [potion of mutation]
  3921 | D        | Lost mutation: You do not regenerate when monsters are
                  | visible. [potion of mutation]
  3921 | D        | Gained mutation: You tend to lose your temper in combat.
                  | [potion of mutation]
  3991 | D        | Received a gift from Trog
  4003 | D        | Reached skill level 18 in Fighting
  4008 | D        | Received a gift from Trog
  4054 | D        | Noticed a daeva
  4070 | D        | Identified the +2 executioner's axe of Xiell {vorpal, rElec
                  | rCorr Stlth+} (Trog gifted it to you in the Dungeon)
  4070 | D        | Received a gift from Trog
  4838 | D        | Noticed a fire giant
  4839 | D        | Noticed a fire giant
  4843 | D        | Noticed a fire giant
  4846 | D        | Noticed a fire giant
  4858 | D        | Killed a fire giant
  4859 | D        | Reached skill level 19 in Fighting
  4863 | D        | HP: 6/123 [fire giant/fireball (41)]
  4864 | D        | Killed a fire giant
  4865 | D        | Reached XP level 12. HP: 8/130 MP: 11/11
  4865 | D        | Killed from afar by a fire giant

Illustrated notes

Levels and vault maps discovered:
D:        dungeon_sprint_1 [red_sonja_temple_1, red_sonja_temple_small_1]

Skill      XL: |  1  2  3  4  5  6  7  8  9 10 11 |
---------------+----------------------------------+-----
Fighting       | 5 7 8 9 11 12 14 16 19 | 19.5
Axes           | 5 7 10 13 14 15 17 18 | 18.0
Armour         | 3 4 5 7 8 9 11 14 17 | 17.9
Evocations     | 2 3 5 7 8 9 10 11 13 | 13.5
Shields        | 4 7 |  7.2
Dodging        | |  2.1

Action                   |  1- 3 |  4- 6 |  7- 9 | 10-12 || total
-------------------------+-------+-------+-------+-------++-------
Melee: Hand axe          |    13 |    17 |    51 |    41 ||   122
       Headbutt          |     1 |     5 |     8 |    37 ||    51
       Broad axe         |       |       |       |   104 ||   104
Invok: Berserk           |     1 |     1 |     3 |     4 ||     9
       Trog's Hand       |       |       |       |     3 ||     3
       Brothers in Arms  |       |       |       |     2 ||     2
Evoke: Wand              |     1 |     2 |     2 |     6 ||    11
  Use: Potion            |       |     1 |       |     5 ||     6
       Scroll            |       |       |       |     3 ||     3
 Stab: Paralysed         |     6 |     8 |       |       ||    14
Armor: Animal skin       |     2 |       |       |       ||     2
       Chain mail        |       |       |    33 |    51 ||    84
Dodge: Dodged            |       |     4 |    17 |    41 ||    62
Block: Buckler           |       |       |     4 |    20 ||    24
